 Dungeon Crawl Stone Soup version 0.30-b1-2-g02819fbbbe (webtiles) character file.

Game seed: 16432826786588824177

147 LLlMATKO the Chopper (level 5, 0/47 HPs)
             Began as a Minotaur Berserker on Aug 2, 2023.
             Was a Believer of Trog.
             Slain by an orc wizard
             ... wielding a +0 dagger
              (3 damage)
             ... on level 3 of the Dungeon.
             The game lasted 00:01:39 (2651 turns).

LLlMATKO the Chopper (Minotaur Berserker)           Turns: 2651, Time: 00:01:40

Health: 0/47       AC:  4    Str: 29    XL:     5   Next: 8%
Magic:  4/4        EV: 12    Int:  4    God:    Trog [**....]
Gold:   115        SH:  0    Dex: 10    Spells: 4/4 levels left

rFire   . . .        a - +0 hand axe
rCold   . . .        (no shield)
rNeg    . . .        b - +0 animal skin
rPois   .            (helmet restricted)
rElec   .            s - +0 cloak
rCorr   .            k - +0 pair of gloves
SInv    .            (no boots)
Will    .....        (no amulet)
Stlth   +            o - +6 ring of strength
HPRegen 0.27/turn    (no ring)
MPRegen 0.09/turn

%: no passive effects
@: confused, on berserk cooldown, slowed, very slow
A: horns 2, retaliatory headbutt
a: Renounce Religion, Berserk, Trog's Hand


You were on level 3 of the Dungeon.
You worshipped Trog.
Trog was pleased with you.
You visited 1 branch of the dungeon, and saw 3 of its levels.

You collected 115 gold pieces.

Inventory:

Hand Weapons
 a - a +0 hand axe (weapon)
Missiles
 c - 6 poisoned darts (quivered)
 t - 2 javelins
Armour
 b - a +0 animal skin (worn)
 k - a +0 pair of gloves (worn)
 s - a +0 cloak (worn)
Jewellery
 o - a +6 ring of strength (left hand)
Wands
 q - a wand of acid (7)
Scrolls
 e - a scroll of blinking {unknown}
 f - 5 scrolls of identify {unknown}
 g - a scroll of amnesia {unknown}
 n - a scroll of teleportation {unknown}
 p - a scroll of magic mapping {unknown}
 v - a scroll of silence {unknown}
Potions
 d - 3 potions of heal wounds {unknown}
 h - a potion of resistance {unknown}
 i - a potion of attraction {unknown}
 j - a potion of mutation {unknown}
 l - a potion of lignification {unknown}
 m - 3 potions of curing {unknown}
 r - a potion of flight {unknown}
 u - 2 potions of berserk rage {unknown}


   Skills:
 + Level 4.7 Fighting
 + Level 4.7 Axes
 + Level 3.7 Armour
 + Level 3.4 Dodging


You had 4 spell levels left.
You didn't know any spells.
Your spell library was empty.

Dungeon Overview and Level Annotations

Branches:
Dungeon (3/15)

Altars:

Shops:
D:1 [


Innate Abilities, Weirdness & Mutations

You have a pair of horns on your head.
You reflexively headbutt those who attack you in melee.


Message History

A puff of flame appears from out of thin air!
The puff of flame hits you!
* * * LOW HITPOINT WARNING * * *
You bump into the rock wall.
Something hits you but does no damage.
You bump into the rock wall.
Something hits you.
* * * LOW HITPOINT WARNING * * *
You are too confused!
You closely miss something. Your headbutt misses something.
You feel less confused. Something hits you but does no damage.
A red film seems to cover your vision as you go berserk!
You feel yourself moving faster!
You feel mighty!
You hear some strange, mumbled words.
A magic dart appears from out of thin air!
The magic dart hits you!
* * * LOW HITPOINT WARNING * * *
You barely miss something. You miss something.
You hear some strange, mumbled words.
You are confused.
You bump into the rock wall.
You hear some strange, mumbled words.
A magic dart appears from out of thin air!
The magic dart hits you.
* * * LOW HITPOINT WARNING * * *
You miss something. Your headbutt misses something.
You bump into the rock wall.
Something hits you.
* * * LOW HITPOINT WARNING * * *
You bump into the rock wall.
You feel a strong urge to attack something.
You hear some strange, mumbled words.
A puff of flame appears from out of thin air!
The puff of flame misses you.
You are no longer berserk.
You are exhausted.
You feel yourself slow down.
Things that are here:
a +0 dagger; a +0 robe; an orc corpse You bump into the rock wall.
Something hits you.
You die...

#.# #....## ## #.#
#.##..## #. #.#
#.###..######. #.# #<#
##........ #.# #.#
##....... #<# #.#
#.#####. #.# #.#
#.#####. #)#
#.#####....... #@#
#........รท....
######.# #######.......
#......##########.....#
#.#######.............#
#.# ##...########.###
#.#####.....## #.# #
#............# #.# #
#######......# #.# #
##...#.# #.# #


There were no monsters in sight!

Vanquished Creatures
  Crazy Yiuf (D:2)
  An orc wizard (D:3)
  An adder (D:2)
  2 worms (D:2)
  3 dart slugs
  2 orcs (D:3)
  6 bats
  9 endoplasms
  4 giant cockroaches
  6 goblins
  6 hobgoblins
  4 jackals (D:1)
  6 quokkas
  4 ball pythons
  A frilled lizard (D:2)
  4 kobolds
  8 rats
68 creatures vanquished.

Notes
Turn   | Place    | Note
-------+----------+-------------------------------------------
     0 | D:1      | LLlMATKO the Minotaur Berserker began the quest for the
                  | Orb.
     0 | D:1      | Reached XP level 1. HP: 19/19 MP: 0/0
   206 | D:1      | Reached XP level 2. HP: 27/27 MP: 1/1
   317 | D:1      | Found Wupukir Cig's Antique Armour Emporium.
   480 | D:1      | Reached ** piety under Trog
   539 | D:1      | Reached XP level 3. HP: 33/33 MP: 2/2
  1432 | D:2      | Reached XP level 4. HP: 41/41 MP: 3/3
  1734 | D:2      | Found a runed translucent door.
  1735 | D:2      | Noticed Crazy Yiuf
  2029 | D:2      | Killed Crazy Yiuf
  2626 | D:3      | Reached XP level 5. HP: 43/47 MP: 4/4
  2648 | D:3      | HP: 3/70 [something (1)]
  2651 | D:3      | Slain by an orc wizard

Illustrated notes

Levels and vault maps discovered:
D:1:      dpeg_arrival_rhombi, layout_basic, serial_shops, shop
D:2:      layout_basic, uniq_crazy_yiuf_cottage
D:3:      layout_loops_ring, grunt_ministairs_7

Skill      XL: |  1  2  3 |
---------------+----------+-----
Fighting       | 4 |  4.7
Axes           | 4 |  4.7
Armour         | 3 |  3.7
Dodging        | 3 |  3.4

Action                     |  1- 3 |  4- 6 || total
---------------------------+-------+-------++-------
  Melee: Hand axe          |    82 |    54 ||   136
         Headbutt          |     8 |     8 ||    16
         Punch             |       |     1 ||     1
  Throw: Dart              |     4 |       ||     4
 Invoke: Berserk           |       |     2 ||     2
   Stab: Sleeping          |     2 |       ||     2
 Armour: Animal skin       |    15 |    11 ||    26
  Dodge: Dodged            |    53 |    24 ||    77
